[Event "FICS rated blitz game"]
[Site "FICS freechess.org"]
[FICSGamesDBGameNo "20000237"]
[White "RonStewart"]
[Black "Lepus"]
[WhiteElo "1785"]
[BlackElo "1855"]
[WhiteRD "na"]
[BlackRD "na"]
[TimeControl "180+0"]
[Date "1999.02.27"]
[Time "14:47:00"]
[WhiteClock "0:03:00.000"]
[BlackClock "0:03:00.000"]
[ECO "D05"]
[PlyCount "51"]
[Result "1-0"]

1. Nf3 c5 2. d4 e6 3. e3 Nf6 4. c3 Nc6 5. Bd3 d5 6. Nbd2 Be7 7. O-O O-O 8. Qe2 Qc7 9. dxc5 Bxc5 10. e4 dxe4 11. Nxe4 Nxe4 12. Qxe4 f5 13. Qe2 Bd7 14. Bc4 Rae8 15. Ng5 Rf6 16. g3 Kh8 17. Qh5 h6 18. Bf4 e5 19. Nf7+ Rxf7 20. Bxf7 Rf8 21. Bxh6 Rxf7 22. Qxf7 gxh6 23. Rad1 Nb8 24. Rd2 Qc6 25. Rfd1 f4 26. Rxd7 {Black forfeits on time} 1-0

[Event "FICS rated standard game"]
[Site "FICS freechess.org"]
[FICSGamesDBGameNo "20000236"]
[White "hargar"]
[Black "phayzed"]
[WhiteElo "1476"]
[BlackElo "1344"]
[WhiteRD "na"]
[BlackRD "na"]
[TimeControl "600+10"]
[Date "1999.02.27"]
[Time "14:25:00"]
[WhiteClock "0:10:00.000"]
[BlackClock "0:10:00.000"]
[ECO "C30"]
[PlyCount "61"]
[Result "0-1"]

1. e4 e5 2. f4 Qh4+ 3. g3 Qh6 4. Bc4 exf4 5. d4 Qg6 6. Bxf4 Qxe4+ 7. Qe2 Qxe2+ 8. Nxe2 b6 9. O-O Be7 10. Bxc7 Nf6 11. Nf4 O-O 12. Nc3 Nc6 13. d5 Nd4 14. Rae1 Bc5 15. Kg2 Nxc2 16. Rc1 Ne3+ 17. Kf3 Nxf1 18. Rxf1 Bb7 19. Nd3 Bd4 20. a3 Bxc3 21. bxc3 Bxd5+ 22. Bxd5 Nxd5 23. Ne5 Nxc3 24. Nxd7 Rfd8 25. Ne5 Rd3+ 26. Nxd3 Rc8 27. Bd6 Nb5 28. Bb4 a5 29. Be7 Rc7 30. Rc1 Rxe7 31. Rc8+ {White resigns} 0-1

[Event "FICS rated blitz game"]
[Site "FICS freechess.org"]
[FICSGamesDBGameNo "20000234"]
[White "pipoca"]
[Black "QuickSpark"]
[WhiteElo "1245"]
[BlackElo "1720"]
[WhiteRD "na"]
[BlackRD "na"]
[TimeControl "300+0"]
[Date "1999.02.27"]
[Time "12:24:00"]
[WhiteClock "0:05:00.000"]
[BlackClock "0:05:00.000"]
[ECO "D30"]
[PlyCount "78"]
[Result "0-1"]

1. d4 d5 2. c4 e6 3. Nf3 Nf6 4. Bg5 Be7 5. e3 O-O 6. Bxf6 Bxf6 7. Nc3 Nd7 8. h3 c5 9. Bd3 cxd4 10. exd4 Nb6 11. cxd5 Nxd5 12. Nxd5 Qxd5 13. O-O Bd7 14. b3 Rac8 15. Qe2 Bxd4 16. Bc4 Qd6 17. Rfd1 e5 18. Qe4 Be6 19. Ng5 g6 20. Qh4 h6 21. Qxh6 Rfd8 22. Qh7+ Kf8 23. Bxe6 Rc7 24. Bc4 Bxf2+ 25. Kh1 Qf6 26. Rxd8+ Qxd8 27. Qh8+ Ke7 28. Qxd8+ Kxd8 29. Bxf7 e4 30. Ne6+ Ke7 31. Nxc7 Kxf7 32. Rf1 e3 33. Nd5 Ke6 34. Nf4+ Ke5 35. Ne2 Ke4 36. Nc3+ Kd3 37. Nd1 e2 38. Nxf2+ Kd2 39. Ne4+ Ke3 {White forfeits on time} 0-1

[Event "FICS rated blitz game"]
[Site "FICS freechess.org"]
[FICSGamesDBGameNo "20000233"]
[White "Kenth"]
[Black "chessdog"]
[WhiteElo "1507"]
[BlackElo "1506"]
[WhiteRD "na"]
[BlackRD "na"]
[TimeControl "120+12"]
[Date "1999.02.27"]
[Time "10:48:00"]
[WhiteClock "0:02:00.000"]
[BlackClock "0:02:00.000"]
[ECO "A03"]
[PlyCount "33"]
[Result "1-0"]

1. f4 d5 2. e3 c5 3. Nf3 Nc6 4. Be2 Nf6 5. O-O Bg4 6. d3 e5 7. fxe5 Bxf3 8. exf6 Bxe2 9. Qxe2 gxf6 10. b3 Bg7 11. Bb2 d4 12. Nd2 Ne5 13. exd4 cxd4 14. Nf3 O-O 15. Nh4 Re8 16. Nf5 Nc4 17. Qg4 {Black resigns} 1-0

[Event "FICS rated blitz game"]
[Site "FICS freechess.org"]
[FICSGamesDBGameNo "20000232"]
[White "lassea"]
[Black "list"]
[WhiteElo "1263"]
[BlackElo "1769"]
[WhiteRD "na"]
[BlackRD "na"]
[TimeControl "120+12"]
[Date "1999.02.26"]
[Time "07:31:00"]
[WhiteClock "0:02:00.000"]
[BlackClock "0:02:00.000"]
[ECO "B20"]
[PlyCount "54"]
[Result "0-1"]

1. e4 c5 2. d3 Nc6 3. f4 e6 4. Nc3 d5 5. e5 f6 6. Nf3 Qc7 7. Qe2 Nd4 8. Nxd4 cxd4 9. Nb5 Qa5+ 10. Bd2 Qxb5 11. b3 Ba3 12. exf6 Nxf6 13. f5 O-O 14. fxe6 Re8 15. e7 Bg4 16. Qe5 Rxe7 17. Qxe7 Bxe7 18. h3 Bd7 19. Be2 Rc8 20. c4 dxc4 21. dxc4 Qe5 22. Rd1 d3 23. O-O dxe2 24. Rxf6 exd1=Q+ 25. Rf1 Qxd2 26. Rf8+ Rxf8 27. Kh1 Rf1# {White checkmated} 0-1

[Event "FICS rated blitz game"]
[Site "FICS freechess.org"]
[FICSGamesDBGameNo "20000231"]
[White "vendemiatrix"]
[Black "debillas"]
[WhiteElo "1683"]
[BlackElo "1605"]
[WhiteRD "na"]
[BlackRD "na"]
[TimeControl "180+0"]
[Date "1999.02.25"]
[Time "20:43:00"]
[WhiteClock "0:03:00.000"]
[BlackClock "0:03:00.000"]
[ECO "D41"]
[PlyCount "56"]
[Result "0-1"]

1. d4 e6 2. c4 d5 3. Nc3 Nf6 4. Nf3 c5 5. cxd5 Nxd5 6. e4 Nxc3 7. bxc3 cxd4 8. cxd4 Bb4+ 9. Bd2 Nc6 10. Bb5 Bxd2+ 11. Qxd2 Bd7 12. d5 exd5 13. exd5 Ne7 14. Bxd7+ Qxd7 15. d6 Nf5 16. Rd1 Rd8 17. Qe2+ Qe6 18. Qxe6+ fxe6 19. Ng5 O-O 20. O-O Rf6 21. Ne4 Rg6 22. Nc5 Rxd6 23. Nxb7 Ra6 24. Rd8+ Kf7 25. Ra1 Nh4 26. g3 Nf3+ 27. Kg2 Ne5 28. Rd7+ Nxd7 {White resigns} 0-1

[Event "FICS rated blitz game"]
[Site "FICS freechess.org"]
[FICSGamesDBGameNo "20000230"]
[White "Aub"]
[Black "Nacaf"]
[WhiteElo "1403"]
[BlackElo "1599"]
[WhiteRD "na"]
[BlackRD "na"]
[TimeControl "300+0"]
[Date "1999.02.25"]
[Time "18:14:00"]
[WhiteClock "0:05:00.000"]
[BlackClock "0:05:00.000"]
[ECO "A22"]
[PlyCount "86"]
[Result "0-1"]

1. c4 e5 2. Nc3 Nf6 3. e4 Bc5 4. d3 h6 5. h3 d6 6. Bd2 Nc6 7. Na4 Bd4 8. Ne2 a6 9. Nxd4 Nxd4 10. b3 b5 11. Nc3 bxc4 12. bxc4 Bb7 13. Ne2 Nxe2 14. Bxe2 O-O 15. Qc1 c6 16. Bf3 Nh7 17. O-O Ng5 18. Bxg5 Qxg5 19. Qxg5 hxg5 20. Rac1 g6 21. c5 Rfd8 22. cxd6 Rxd6 23. Rb1 Bc8 24. Be2 Be6 25. a3 c5 26. Rb7 Rc8 27. Rfb1 f5 28. f3 Rd7 29. R7b6 Bf7 30. Rxa6 c4 31. Rc1 c3 32. a4 Rb7 33. Rc2 Rb2 34. Bd1 Rb1 35. Rxc3 Rxd1+ 36. Kf2 Rxc3 37. Rb6 Rcxd3 38. a5 f4 39. a6 Ra1 40. Ke2 Rc3 41. Kd2 Re3 42. Kc2 Ra2+ 43. Kb1 Re1# {White checkmated} 0-1

[Event "FICS rated lightning game"]
[Site "FICS freechess.org"]
[FICSGamesDBGameNo "20000229"]
[White "Grog"]
[Black "Diagonaliser"]
[WhiteElo "1483"]
[BlackElo "1777"]
[WhiteRD "na"]
[BlackRD "na"]
[TimeControl "60+2"]
[Date "1999.02.25"]
[Time "14:08:00"]
[WhiteClock "0:01:00.000"]
[BlackClock "0:01:00.000"]
[ECO "B33"]
[PlyCount "78"]
[Result "0-1"]

1. e4 c5 2. Nf3 Nc6 3. d4 cxd4 4. Nxd4 e5 5. Nb3 Nf6 6. Nc3 Bb4 7. f3 d5 8. Bd2 dxe4 9. Nxe4 Nxe4 10. Bxb4 Qxd1+ 11. Rxd1 Nxb4 12. Bb5+ Ke7 13. fxe4 Nxc2+ 14. Kf2 Be6 15. Rd2 Bxb3 16. Rd7+ Ke6 17. axb3 Nd4 18. Rd1 Nxb5 19. Rxb7 Nd6 20. Rb4 Rhc8 21. Rd2 Rab8 22. Ra4 Rc7 23. Ra6 Rb6 24. Rxb6 axb6 25. Ke3 f5 26. exf5+ Nxf5+ 27. Ke4 Nd4 28. h3 Rc2 29. Rd3 Rxb2 30. g4 Rxb3 31. Rxd4 exd4 32. Kxd4 Rxh3 33. Ke4 b5 34. Kf4 b4 35. g5 b3 36. Kg4 Rh1 37. g6 hxg6 38. Kg5 Rg1+ 39. Kf4 b2 {White resigns} 0-1

[Event "FICS rated lightning game"]
[Site "FICS freechess.org"]
[FICSGamesDBGameNo "20000228"]
[White "rusty"]
[Black "Didde"]
[WhiteElo "1997"]
[BlackElo "1873"]
[WhiteRD "na"]
[BlackRD "na"]
[TimeControl "120+0"]
[Date "1999.02.25"]
[Time "04:53:00"]
[WhiteClock "0:02:00.000"]
[BlackClock "0:02:00.000"]
[ECO "D02"]
[PlyCount "61"]
[Result "1-0"]

1. d4 d5 2. c3 Nf6 3. Nf3 Bf5 4. Bf4 c6 5. e3 e6 6. Bd3 Bg6 7. O-O Bd6 8. Bg5 Nbd7 9. Qc2 Qc7 10. Nbd2 Bxd3 11. Qxd3 h6 12. Bh4 g5 13. Bg3 Nh5 14. Rfe1 Nxg3 15. fxg3 O-O-O 16. b4 e5 17. dxe5 Nxe5 18. Nxe5 Bxe5 19. Nf3 Bg7 20. a4 Rhe8 21. a5 Re4 22. Nd4 Bxd4 23. cxd4 Rde8 24. Rac1 Qe7 25. Rc3 Qxb4 26. a6 R8e6 27. axb7+ Qxb7 28. Rb1 Qa8 29. Qa6+ Kd8 30. Rb7 Ke8 31. Rxc6 {Black forfeits on time} 1-0

[Event "FICS rated blitz game"]
[Site "FICS freechess.org"]
[FICSGamesDBGameNo "20000227"]
[White "JINSONG"]
[Black "aral"]
[WhiteElo "1509"]
[BlackElo "1457"]
[WhiteRD "na"]
[BlackRD "na"]
[TimeControl "300+12"]
[Date "1999.02.25"]
[Time "03:15:00"]
[WhiteClock "0:05:00.000"]
[BlackClock "0:05:00.000"]
[ECO "A00"]
[PlyCount "75"]
[Result "1-0"]

1. b4 e5 2. Bb2 d6 3. e3 Nf6 4. c4 Be7 5. Nc3 O-O 6. Nf3 Bg4 7. h3 Be6 8. Be2 Nc6 9. a3 Qd7 10. Ng5 Bf5 11. g4 Bg6 12. h4 h6 13. Nh3 Ne4 14. d3 Nxc3 15. Bxc3 Bxh4 16. Qd2 Rae8 17. O-O-O a5 18. b5 Ne7 19. Bxa5 Ra8 20. Bb4 c5 21. bxc6 bxc6 22. c5 dxc5 23. Bxc5 Rfb8 24. Qc3 Bf6 25. Rdg1 Nd5 26. Qc4 Rb5 27. g5 hxg5 28. Nxg5 Rab8 29. Bd1 Bxg5 30. Rxg5 Rb1+ 31. Kd2 Nf6 32. Rxg6 R8b2+ 33. Ke1 Rb5 34. Rxf6 Rxc5 35. Qxc5 gxf6 36. Rg1+ Kh8 37. Qf8+ Kh7 38. Qg7# {Black checkmated} 1-0

[Event "FICS rated blitz game"]
[Site "FICS freechess.org"]
[FICSGamesDBGameNo "20000226"]
[White "LordByron"]
[Black "perl"]
[WhiteElo "1377"]
[BlackElo "1526"]
[WhiteRD "na"]
[BlackRD "na"]
[TimeControl "300+0"]
[Date "1999.02.24"]
[Time "20:44:00"]
[WhiteClock "0:05:00.000"]
[BlackClock "0:05:00.000"]
[ECO "B26"]
[PlyCount "54"]
[Result "0-1"]

1. e4 c5 2. Nc3 d6 3. g3 Nc6 4. Bg2 Nf6 5. d3 g6 6. Be3 Bg7 7. h3 Bd7 8. Qd2 h5 9. Nge2 Qb6 10. Rb1 Nb4 11. a3 Nc6 12. O-O Nd4 13. b4 Nxe2+ 14. Nxe2 Qc7 15. bxc5 dxc5 16. Rb3 b6 17. e5 Rd8 18. exf6 Bxf6 19. Rbb1 Qc8 20. Bg5 Bxh3 21. Rfe1 Bxg2 22. Kxg2 Qc6+ 23. Kg1 Bxg5 24. Qxg5 h4 25. Nd4 Qd7 26. Nb5 hxg3 27. Nc7+ Qxc7 {White resigns} 0-1

[Event "FICS rated blitz game"]
[Site "FICS freechess.org"]
[FICSGamesDBGameNo "20000225"]
[White "CMerli"]
[Black "Chiara"]
[WhiteElo "1827"]
[BlackElo "1746"]
[WhiteRD "na"]
[BlackRD "na"]
[TimeControl "300+3"]
[Date "1999.02.24"]
[Time "17:02:00"]
[WhiteClock "0:05:00.000"]
[BlackClock "0:05:00.000"]
[ECO "A27"]
[PlyCount "97"]
[Result "1-0"]

1. c4 e5 2. Nc3 Nc6 3. Nf3 g6 4. d4 exd4 5. Nxd4 Bg7 6. Nxc6 bxc6 7. Bd2 Nf6 8. g3 d5 9. e3 Ba6 10. c5 Bxf1 11. Kxf1 Nd7 12. b4 Qf6 13. Rc1 Ne5 14. Kg2 h5 15. e4 Nd3 16. Qe2 Nxc1 17. Rxc1 O-O 18. exd5 Rfe8 19. Qc4 Rad8 20. Bf4 cxd5 21. Nxd5 Qc6 22. Rd1 Be5 23. b5 Qe6 24. Bxe5 Qxe5 25. Ne3 Rxd1 26. Nxd1 Qe4+ 27. Qxe4 Rxe4 28. Ne3 Re5 29. b6 axb6 30. cxb6 cxb6 31. Nc4 Rb5 32. Kf3 Kf8 33. Ke3 Ke7 34. Kd4 Ke6 35. h3 Rb4 36. Kc3 Rb5 37. Kd4 h4 38. g4 Rd5+ 39. Ke4 b5 40. Ne3 Rc5 41. f4 Rc3 42. f5+ Ke7 43. Nd5+ Kf8 44. Nxc3 b4 45. Nd5 gxf5+ 46. Kxf5 Ke8 47. Nxb4 Kd7 48. Kf6 Ke8 49. a4 {Black resigns} 1-0

[Event "FICS rated standard game"]
[Site "FICS freechess.org"]
[FICSGamesDBGameNo "20000224"]
[White "Heraclitus"]
[Black "HIPOSTASIS"]
[WhiteElo "1424"]
[BlackElo "1599"]
[WhiteRD "na"]
[BlackRD "na"]
[TimeControl "1500+10"]
[Date "1999.02.24"]
[Time "14:02:00"]
[WhiteClock "0:25:00.000"]
[BlackClock "0:25:00.000"]
[ECO "A04"]
[PlyCount "73"]
[Result "1-0"]

1. Nf3 Nc6 2. d4 d5 3. b3 Nf6 4. Bb2 Bg4 5. Nbd2 e6 6. h3 Bh5 7. e3 Bb4 8. c3 Ba5 9. b4 Nxb4 10. cxb4 Bxb4 11. Qa4+ c6 12. Qxb4 Rb8 13. Be2 a5 14. Qa3 b5 15. Rc1 Rc8 16. Bc3 b4 17. Bxb4 axb4 18. Qxb4 Rb8 19. Qc5 Rb6 20. O-O Qc7 21. Qa5 Nd7 22. Bb5 Qb7 23. Bxc6 Rxc6 24. Rxc6 Qxc6 25. a4 O-O 26. Ra1 Nb6 27. Qb4 Ra8 28. Ne5 Qb7 29. Rb1 Rxa4 30. Qxb6 Qxb6 31. Rxb6 h6 32. g4 Ra2 33. Ndf3 f6 34. gxh5 fxe5 35. Nxe5 Ra1+ 36. Kg2 g5 37. Rxe6 {Black resigns} 1-0

[Event "FICS rated blitz game"]
[Site "FICS freechess.org"]
[FICSGamesDBGameNo "20000223"]
[White "Bookbasha"]
[Black "mikee"]
[WhiteElo "1681"]
[BlackElo "1360"]
[WhiteRD "na"]
[BlackRD "na"]
[TimeControl "180+5"]
[Date "1999.02.24"]
[Time "12:12:00"]
[WhiteClock "0:03:00.000"]
[BlackClock "0:03:00.000"]
[ECO "B00"]
[PlyCount "131"]
[Result "1-0"]

1. d4 b6 2. e4 Bb7 3. Nc3 e6 4. Nf3 Bb4 5. Bd2 Bxc3 6. Bxc3 Bxe4 7. Ne5 d6 8. Qg4 dxe5 9. Qxe4 Nd7 10. dxe5 Nc5 11. Bb5+ Kf8 12. Bb4 Qd5 13. Bxc5+ bxc5 14. Qxd5 exd5 15. O-O-O Rd8 16. Bc6 Ne7 17. Ba4 g6 18. Rd2 Kg7 19. Rhd1 c6 20. f4 Rd7 21. c3 Rhd8 22. Bc2 d4 23. cxd4 cxd4 24. Be4 c5 25. Kc2 Nd5 26. Bxd5 Rxd5 27. Kd3 f6 28. e6 f5 29. Re2 Re8 30. Rde1 Kf6 31. Kc4 Rd6 32. Kxc5 Rdxe6 33. Rxe6+ Rxe6 34. Rxe6+ Kxe6 35. Kxd4 h6 36. a4 Kd6 37. b4 g5 38. g3 gxf4 39. gxf4 h5 40. h4 a6 41. b5 axb5 42. axb5 Kc7 43. Kc5 Kb7 44. b6 Kb8 45. Kc6 Kc8 46. b7+ Kb8 47. Kd5 Kxb7 48. Ke6 Kc7 49. Kxf5 Kd7 50. Kf6 Ke8 51. Kg6 Kf8 52. Kxh5 Kg7 53. Kg5 Kh7 54. f5 Kg7 55. h5 Kh7 56. f6 Kg8 57. Kg6 Kh8 58. Kf7 Kh7 59. Kf8 Kh8 60. f7 Kh7 61. Ke7 Kh6 62. f8=Q+ Kxh5 63. Qg7 Kh4 64. Kf6 Kh3 65. Kf5 Kh2 66. Kf4 {Black resigns} 1-0

[Event "FICS rated blitz game"]
[Site "FICS freechess.org"]
[FICSGamesDBGameNo "20000222"]
[White "Picaron"]
[Black "boiler"]
[WhiteElo "1890"]
[BlackElo "1853"]
[WhiteRD "na"]
[BlackRD "na"]
[TimeControl "300+0"]
[Date "1999.02.23"]
[Time "19:26:00"]
[WhiteClock "0:05:00.000"]
[BlackClock "0:05:00.000"]
[ECO "A32"]
[PlyCount "97"]
[Result "1-0"]

1. d4 Nf6 2. c4 e6 3. Nf3 c5 4. g3 cxd4 5. Nxd4 Nc6 6. Bg2 Bc5 7. Nb3 Bb6 8. O-O O-O 9. c5 Bc7 10. Nc3 d5 11. cxd6 Qxd6 12. Nb5 Qxd1 13. Rxd1 Bb8 14. Nc5 a6 15. Nd6 Rd8 16. Bf4 e5 17. Nxc8 exf4 18. Ne7+ Kf8 19. Nxc6 Rxd1+ 20. Rxd1 bxc6 21. Bxc6 Ra7 22. Rd8+ Ke7 23. Rxb8 Rc7 24. Rb7 Kd6 25. Rxc7 Kxc7 26. Bf3 fxg3 27. hxg3 Kb6 28. Nd3 Nd7 29. Kg2 f6 30. Be4 g6 31. f4 Kb5 32. Kf3 Kc4 33. Ke3 a5 34. Kd2 Nb6 35. b3+ Kb5 36. Kc3 a4 37. Nb2 axb3 38. axb3 Kc5 39. b4+ Kb5 40. Bd3+ Kc6 41. e4 Kd6 42. Nc4+ Nxc4 43. Kxc4 Kc6 44. b5+ Kb6 45. Kd4 Kc7 46. Kd5 Kb6 47. Ke6 f5 48. exf5 gxf5 49. Kxf5 {Black resigns} 1-0

[Event "FICS rated blitz game"]
[Site "FICS freechess.org"]
[FICSGamesDBGameNo "20000221"]
[White "ralan"]
[Black "jsb"]
[WhiteElo "1411"]
[BlackElo "1539"]
[WhiteRD "na"]
[BlackRD "na"]
[TimeControl "300+0"]
[Date "1999.02.23"]
[Time "19:14:00"]
[WhiteClock "0:05:00.000"]
[BlackClock "0:05:00.000"]
[ECO "B01"]
[PlyCount "80"]
[Result "0-1"]

1. e4 d5 2. exd5 Qxd5 3. Nc3 Qd8 4. Nf3 e6 5. d4 Nf6 6. Bd3 Nc6 7. Be3 Be7 8. O-O O-O 9. Qd2 Bd7 10. Rad1 Ng4 11. h3 Nxe3 12. fxe3 Nb4 13. Be4 Rb8 14. a3 Nc6 15. Qf2 a6 16. Qg3 Na7 17. Ne5 Nb5 18. Rf2 Nxc3 19. bxc3 Bf6 20. Ng4 Bh4 21. Qf4 Bxf2+ 22. Qxf2 Qe7 23. Ne5 b6 24. Rf1 f6 25. Nxd7 Qxd7 26. Qh4 f5 27. Bd3 a5 28. e4 g6 29. exf5 exf5 30. Qg3 Qd6 31. Qg5 Qf6 32. Qg3 Qd6 33. Qg5 Kh8 34. Rf4 c5 35. Rh4 Rb7 36. dxc5 bxc5 37. c4 Rg7 38. Rf4 Qe5 39. Qg3 Rd8 40. Rf1 Qxg3 {White resigns} 0-1

[Event "FICS rated lightning game"]
[Site "FICS freechess.org"]
[FICSGamesDBGameNo "20000220"]
[White "mkelem"]
[Black "APe"]
[WhiteElo "1532"]
[BlackElo "1728"]
[WhiteRD "na"]
[BlackRD "na"]
[TimeControl "120+0"]
[Date "1999.02.23"]
[Time "10:53:00"]
[WhiteClock "0:02:00.000"]
[BlackClock "0:02:00.000"]
[ECO "C02"]
[PlyCount "54"]
[Result "0-1"]

1. e4 e6 2. d4 d5 3. e5 c5 4. c3 Nc6 5. Nf3 Qb6 6. Be2 cxd4 7. cxd4 Bd7 8. O-O Nge7 9. b3 Nf5 10. Bb2 Be7 11. g4 Nh6 12. h3 O-O 13. Bc1 f6 14. Bxh6 gxh6 15. Qd2 fxe5 16. Nxe5 Nxe5 17. dxe5 Bg5 18. Qd3 Rf7 19. Nc3 Raf8 20. Nd1 a6 21. Qg3 Bb5 22. Bxb5 Qxb5 23. Ne3 Bxe3 24. Qxe3 Kg7 25. g5 Rf3 26. gxh6+ Kh8 27. Qa7 Rg8+ {White forfeits on time} 0-1

[Event "FICS rated blitz game"]
[Site "FICS freechess.org"]
[FICSGamesDBGameNo "20000218"]
[White "BerniMan"]
[Black "metin"]
[WhiteElo "1977"]
[BlackElo "1935"]
[WhiteRD "na"]
[BlackRD "na"]
[TimeControl "120+6"]
[Date "1999.02.23"]
[Time "04:39:00"]
[WhiteClock "0:02:00.000"]
[BlackClock "0:02:00.000"]
[ECO "A05"]
[PlyCount "53"]
[Result "1-0"]

1. Nf3 Nf6 2. g3 g6 3. Bg2 Bg7 4. d3 O-O 5. e4 d6 6. O-O c5 7. Nc3 Nc6 8. h3 Be6 9. Be3 h6 10. Qd2 Kh7 11. Nh4 Qd7 12. Kh2 Ng8 13. f4 f5 14. g4 fxg4 15. f5 gxf5 16. exf5 Bxf5 17. Nxf5 gxh3 18. Be4 Be5+ 19. Kh1 d5 20. Nxd5 Kh8 21. Nh4 Bxb2 22. Ng6+ Kg7 23. Nxf8 Rxf8 24. Rab1 Rxf1+ 25. Rxf1 Ne5 26. Qf2 Ng4 27. Qf7+ {Black resigns} 1-0

[Event "FICS rated blitz game"]
[Site "FICS freechess.org"]
[FICSGamesDBGameNo "20000217"]
[White "adnans"]
[Black "Bobbyjames"]
[WhiteElo "1584"]
[BlackElo "1200"]
[WhiteRD "na"]
[BlackRD "na"]
[TimeControl "180+0"]
[Date "1999.02.22"]
[Time "12:31:00"]
[WhiteClock "0:03:00.000"]
[BlackClock "0:03:00.000"]
[ECO "B06"]
[PlyCount "27"]
[Result "1-0"]

1. e4 g6 2. Nc3 Bg7 3. Bc4 Bxc3 4. bxc3 e6 5. d3 Nf6 6. Bh6 d5 7. exd5 Nxd5 8. Qd2 Qf6 9. Ne2 Nc6 10. O-O Bd7 11. Bg5 Qg7 12. Ng3 Nxc3 13. Ne4 Nxe4 14. dxe4 {Black forfeits on time} 1-0

[Event "FICS rated blitz game"]
[Site "FICS freechess.org"]
[FICSGamesDBGameNo "20000216"]
[White "Montpellier"]
[Black "Sprawl"]
[WhiteElo "1425"]
[BlackElo "1041"]
[WhiteRD "na"]
[BlackRD "na"]
[TimeControl "180+0"]
[Date "1999.02.21"]
[Time "10:19:00"]
[WhiteClock "0:03:00.000"]
[BlackClock "0:03:00.000"]
[ECO "D02"]
[PlyCount "51"]
[Result "1-0"]

1. d4 d5 2. Nf3 Bf5 3. Bf4 e6 4. e3 Bd6 5. Nbd2 Nf6 6. Ne5 Qe7 7. h3 Nh5 8. Qxh5 g6 9. Qd1 g5 10. Bg3 g4 11. hxg4 Bxe5 12. Bxe5 Bg6 13. Bxh8 Qf8 14. Bf6 Nc6 15. Bb5 a6 16. Bxc6+ bxc6 17. Nf3 c5 18. Ne5 Rb8 19. b3 c4 20. Nxg6 Qh6 21. Rxh6 fxg6 22. Rxh7 cxb3 23. Rh8+ Kd7 24. Rxb8 bxc2 25. Qxc2 a5 26. Qxc7+ {Black forfeits on time} 1-0

[Event "FICS rated blitz game"]
[Site "FICS freechess.org"]
[FICSGamesDBGameNo "20000215"]
[White "babbo"]
[Black "krell"]
[WhiteElo "1517"]
[BlackElo "1647"]
[WhiteRD "na"]
[BlackRD "na"]
[TimeControl "300+0"]
[Date "1999.02.20"]
[Time "08:30:00"]
[WhiteClock "0:05:00.000"]
[BlackClock "0:05:00.000"]
[ECO "A03"]
[PlyCount "70"]
[Result "0-1"]

1. f4 d5 2. Nf3 Bg4 3. e3 c6 4. b3 Nf6 5. Be2 e6 6. Bb2 Be7 7. O-O O-O 8. c4 dxc4 9. Bxc4 b5 10. Be2 Na6 11. h3 Bf5 12. g4 Bd3 13. a3 Nc5 14. Nc3 Bxe2 15. Qxe2 Nxb3 16. Rab1 Nd5 17. Ne4 Qb6 18. Bxg7 Kxg7 19. Rxb3 Nxf4 20. Qf2 Nxh3+ 21. Kg2 Nxf2 22. Kxf2 c5 23. Ng3 c4 24. Rbb1 Rad8 25. a4 a6 26. axb5 axb5 27. Nh5+ Kh8 28. Rh1 f5 29. g5 e5 30. g6 h6 31. g7+ Kg8 32. Nxe5 Rfe8 33. Ng6 Bg5 34. Ngf4 Rxd2+ 35. Kf3 Qxe3# {White checkmated} 0-1

[Event "FICS rated blitz game"]
[Site "FICS freechess.org"]
[FICSGamesDBGameNo "20000214"]
[White "Pem"]
[Black "Sloot"]
[WhiteElo "1616"]
[BlackElo "1638"]
[WhiteRD "na"]
[BlackRD "na"]
[TimeControl "120+12"]
[Date "1999.02.19"]
[Time "12:54:00"]
[WhiteClock "0:02:00.000"]
[BlackClock "0:02:00.000"]
[ECO "B07"]
[PlyCount "95"]
[Result "1-0"]

1. e4 d6 2. d4 Nf6 3. Nc3 g6 4. Bc4 Bg7 5. Be3 c6 6. Qd2 b5 7. Be2 b4 8. Na4 Nxe4 9. Qxb4 Nd7 10. O-O-O Rb8 11. Qc4 O-O 12. Bf3 Nb6 13. Nxb6 Qxb6 14. Bxe4 Qxb2+ 15. Kd2 d5 16. Bxd5 cxd5 17. Qxd5 Be6 18. Qc5 Rfc8 19. Qa5 Qxc2+ 20. Ke1 Bxa2 21. Nf3 Rb1 22. Qd2 Rxd1+ 23. Qxd1 Qxd1+ 24. Kxd1 a5 25. Kd2 a4 26. Ra1 Bb3 27. Kd3 e6 28. Nd2 Bc2+ 29. Ke2 Bf8 30. d5 a3 31. Ra2 exd5 32. Nf3 Bb3 33. Ra1 a2 34. Nd2 Bg7 35. Nxb3 Bxa1 36. Nxa1 Rb8 37. Kd2 Rb1 38. Bd4 f5 39. h4 Kf7 40. g3 Ke6 41. Kc2 Rb4 42. Kc3 Rb8 43. Nb3 Rxb3+ 44. Kxb3 h6 45. Kxa2 g5 46. hxg5 hxg5 47. Kb2 f4 48. g4 {Black resigns} 1-0

[Event "FICS rated standard game"]
[Site "FICS freechess.org"]
[FICSGamesDBGameNo "20000212"]
[White "bogo"]
[Black "brokekay"]
[WhiteElo "1641"]
[BlackElo "1720"]
[WhiteRD "na"]
[BlackRD "na"]
[TimeControl "420+12"]
[Date "1999.02.18"]
[Time "17:21:00"]
[WhiteClock "0:07:00.000"]
[BlackClock "0:07:00.000"]
[ECO "C41"]
[PlyCount "116"]
[Result "0-1"]

1. e4 e5 2. Nf3 d6 3. Bc4 f5 4. d3 f4 5. Ng5 Qxg5 6. g3 g6 7. Nd2 Bh3 8. Nf3 Qg4 9. Rg1 Nd7 10. Bd2 Nb6 11. Bxg8 Rxg8 12. b3 Qd7 13. gxf4 exf4 14. Bxf4 O-O-O 15. Qe2 Bg7 16. O-O-O Qc6 17. d4 Rgf8 18. Bg5 Rde8 19. Rg3 Rxe4 20. Qd3 Bf5 21. d5 Qc5 22. b4 Rxb4 23. Qe2 Bb2+ 24. Kd2 Qxc2+ 25. Ke1 Re4 26. Be3 Bc3+ 27. Kf1 Qxe2+ 28. Kxe2 Bg4 29. h3 Bxf3+ 30. Rxf3 Rxf3 31. Kxf3 Nc4 32. Kxe4 Kd7 33. Kd3 Nb2+ 34. Kxc3 Nxd1+ 35. Kc2 Nxe3+ 36. fxe3 c6 37. e4 cxd5 38. exd5 Ke7 39. Kd3 Kf6 40. Ke4 g5 41. a4 h5 42. a5 g4 43. hxg4 hxg4 44. Kf4 g3 45. Kxg3 Ke5 46. Kf3 Kxd5 47. Ke3 Ke5 48. Kd3 d5 49. Ke3 d4+ 50. Kd3 b6 51. a6 b5 52. Kd2 Ke4 53. Ke2 b4 54. Kd2 b3 55. Kd1 Ke3 56. Kc1 d3 57. Kd1 b2 58. Ke1 b1=Q# {White checkmated} 0-1

[Event "FICS rated blitz game"]
[Site "FICS freechess.org"]
[FICSGamesDBGameNo "20000211"]
[White "Dima"]
[Black "Bzz"]
[WhiteElo "1629"]
[BlackElo "1512"]
[WhiteRD "na"]
[BlackRD "na"]
[TimeControl "120+12"]
[Date "1999.02.18"]
[Time "14:51:00"]
[WhiteClock "0:02:00.000"]
[BlackClock "0:02:00.000"]
[ECO "E12"]
[PlyCount "63"]
[Result "1-0"]

1. d4 Nf6 2. c4 e6 3. Nf3 b6 4. Bg5 Be7 5. Nc3 Bb7 6. e3 d6 7. Bd3 h6 8. Bh4 Nbd7 9. O-O O-O 10. e4 e5 11. d5 Nxd5 12. Bxe7 Nxe7 13. Nd5 Nxd5 14. cxd5 Nc5 15. b4 Nxd3 16. Qxd3 a5 17. b5 Qd7 18. a4 f5 19. Nd2 fxe4 20. Nxe4 Qf7 21. Rad1 Bc8 22. f3 Bf5 23. Qc4 Rac8 24. Rc1 Qg6 25. Rce1 Bh3 26. Rf2 Rxf3 27. Ng3 Rxf2 28. Kxf2 Rf8+ 29. Kg1 Bf5 30. Qxc7 Bc2 31. Qxb6 h5 32. Qe3 {Black forfeits on time} 1-0

[Event "FICS rated lightning game"]
[Site "FICS freechess.org"]
[FICSGamesDBGameNo "20000210"]
[White "VeloP"]
[Black "Chibouki"]
[WhiteElo "1355"]
[BlackElo "1139"]
[WhiteRD "na"]
[BlackRD "na"]
[TimeControl "120+0"]
[Date "1999.02.18"]
[Time "11:42:00"]
[WhiteClock "0:02:00.000"]
[BlackClock "0:02:00.000"]
[ECO "A21"]
[PlyCount "41"]
[Result "1-0"]

1. c4 d6 2. Nc3 e5 3. g3 b6 4. Bg2 c6 5. d4 Be6 6. d5 cxd5 7. cxd5 Bf5 8. e4 Bg6 9. Qa4+ Qd7 10. Qxd7+ Nxd7 11. Bh3 Ngf6 12. Nf3 Nc5 13. Nd2 Nfxe4 14. Ncxe4 Nxe4 15. Nxe4 Bxe4 16. O-O Bxd5 17. Rd1 Bf3 18. Rd3 e4 19. Rc3 d5 20. Be3 Bb4 21. Rcc1 {Black forfeits on time} 1-0